 Dungeon Crawl Stone Soup version 0.31-a0-1074-g0b22e4e0f1 (webtiles) character file.

Game seed: 15268321266386084027

72 BigPumpCobain the Ruffian (level 4, 0/41 HPs)
             Began as an Ogre Shapeshifter on Dec 3, 2023.
             Slain by a goblin
             ... wielding a +0 club
             ... led by Robin
              (5 damage)
             ... on level 2 of the Dungeon.
             The game lasted 00:02:26 (1130 turns).

BigPumpCobain the Ruffian (Ogre Shapeshifter)       Turns: 1130, Time: 00:02:27

Health: 0/41       AC:  3    Str: 20    XL:     4   Next: 26%
Magic:  4/4        EV:  9    Int: 11    God:
Gold:   73         SH:  5    Dex:  8    Spells: 3/3 levels left

rFire   . .          .
                       - Unarmed
rCold   . . .        (no shield)
rNeg    . . .        a - +0 animal skin
rPois   .            (helmet currently unavailable)
rElec   .            (cloak currently unavailable)
rCorr   .            (gloves unavailable)
SInv    .            (boots unavailable)
Will    .....        g - amulet of reflection
Stlth   +            (no ring)
HPRegen 0.26/turn    (no ring)
MPRegen 0.09/turn

%: reflection
@: about to teleport, beast-form
A: beast (slay +1), large, unfitting armour, tough skin 1
a: Begin Untransformation


You were on level 2 of the Dungeon.
You were a hulking beast.
You visited 1 branch of the dungeon, and saw 2 of its levels.

You collected 73 gold pieces.

Inventory:

Armour
 a - a +0 animal skin (worn)
 e - a +0 scale mail of willpower
Jewellery
 g - an amulet of reflection (around neck)
Talismans
 c - a beast talisman
 d - a flux talisman
Potions
 b - a potion of lignification
 h - a potion of brilliance {unknown}
 i - a potion of curing {unknown}
 j - a potion of heal wounds {unknown}


   Skills:
 - Level 1.5 Fighting
 - Level 1.8 Dodging
 + Level 4.4 Unarmed Combat
 - Level 3.0 Shapeshifting


You had 3 spell levels left.
You didn't know any spells.
Your spell library was empty.

Dungeon Overview and Level Annotations

Branches:
Dungeon (2/15)

Altars:
Ashenzari

Annotations:
D:2 Robin


Innate Abilities, Weirdness & Mutations

You are a hulking beast.
Your limbs bulge with bestial killing power. (Slay +1)
You are too large for most types of armour.
You have tough skin. (AC +1)


Message History

The goblin hits you with a +0 club. The goblin barely misses you. x2
You block the goblin's attack. The goblin hits you with a +0 club.
You punch the goblin!
You kill the goblin!
The goblin completely misses you. You block the hobgoblin's attack.
The goblin hits you with a +0 club. x2
You hit the goblin.
You kill the goblin!
The goblin barely misses you. You block the hobgoblin's attack.
The goblin hits you but does no damage. The goblin closely misses you.
The goblin barely misses you.
Robin says, "Kneel, worm!"
Robin throws the goblin at you! The goblin closely misses you.
The goblin hits you with a +0 club.
* * * LOW HITPOINT WARNING * * *
The goblin closely misses you.
Items here: )) ††.
The goblin attacks as it pursues you! The goblin barely misses you.
The goblin hits you with a +0 dagger.
* * * LOW HITPOINT WARNING * * *
The goblin closely misses you. Robin throws the goblin at you!
You see here a scroll labelled AXKENOG JEBUQIATU.
As you read the scroll labelled HEGOHI EFIGUZ, it crumbles to dust.
The creatures around you are filled with an inner flame!
It was a scroll of immolation.
The goblin hits you with a +0 dagger.
* * * LOW HITPOINT WARNING * * *
The goblin hits you but does no damage. You block the goblin's attack.
As you read the scroll labelled AXKENOG JEBUQIATU, it crumbles to dust.
It is a scroll of identify.
k - a scroll of teleportation The goblin hits you with a +0 club.
* * * LOW HITPOINT WARNING * * *
The goblin closely misses you. The goblin hits you but does no damage.
You block the goblin's attack.
As you read the scroll of teleportation, it crumbles to dust.
You feel strangely unstable.
The goblin no longer looks unusually strong.
The goblin hits you with a +0 club.
You die...

...... . ..... .. ....
##..... ... #...... .. ..
..### ...#.#.
............g########
#.#####.!...)ggghg..######.
#..# ...#.....gg##........
... ...##....gg......... #
#.## .....##........####
.##<####.....#.......#....
.............#.......#.###
.........._..............#
.....†..............#....#
....................)..###


You could see Robin (inner flame), 2 hobgoblins and 6 goblins.

Vanquished Creatures
  Jessica (D:2)
  3 dart slugs (D:2)
  4 endoplasms (D:1)
  A giant cockroach (D:1)
  8 goblins
  4 hobgoblins
  2 quokkas
  A ball python (D:1)
  3 bats
  2 frilled lizards
  5 kobolds
  6 rats
40 creatures vanquished.

Notes
Turn   | Place    | Note
-------+----------+-------------------------------------------
     0 | D:1      | BigPumpCobain the Ogre Shapeshifter began the quest for the
                  | Orb.
     0 | D:1      | Reached XP level 1. HP: 19/19 MP: 1/1
   110 | D:1      | Reached skill level 3 in Unarmed Combat
   159 | D:1      | Reached XP level 2. HP: 27/27 MP: 2/2
   584 | D:1      | Reached XP level 3. HP: 27/33 MP: 3/3
   911 | D:2      | Found a broken altar of Ashenzari.
   911 | D:2      | Noticed Jessica
   917 | D:2      | Killed Jessica
   918 | D:2      | Reached skill level 4 in Unarmed Combat
   920 | D:2      | Reached XP level 4. HP: 30/41 MP: 4/4
  1114 | D:2      | Noticed Robin
  1130 | D:2      | Slain by a goblin

Illustrated notes

Levels and vault maps discovered:
D:1:      onia_arrival_mini_maze_b, layout_basic
D:2:      layout_rooms, dilly_ecumenical_altar_fadedgnrine, basic_altar,
          uniq_robin, uniq_jessica

Skill      XL: |  1  2  3 |
---------------+----------+-----
Unarmed Combat | 3 4 |  4.4
Fighting       | |  1.5
Dodging        | |  1.8
Shapeshifting  | |  3.0

Action                     |  1- 3 |  4- 6 || total
---------------------------+-------+-------++-------
  Melee: Unarmed           |    82 |    17 ||    99
         Punch             |     1 |       ||     1
    Use: Scroll            |     2 |     3 ||     5
 Armour: Animal skin       |    47 |    27 ||    74
  Dodge: Dodged            |    25 |    18 ||    43
  Block: Other             |       |    11 ||    11

Table legend: (Time is in decaauts)
 A = Elapsed time spent in this place.
 B = Non-inter-level travel time spent in this place.
 C = Inter-level travel time spent in this place.
 D = Time resting spent in this place.
 E = Time spent auto-exploring this place.
 F = Levels seen in this place.
 G = Mean time per level.
                   A        B        C        D        E       F      G
               +--------+--------+--------+--------+--------+-----+--------+
         Total |   1122 |   1100 |     22 |    100 |    788 |   2 |  561.0 |
       Dungeon |   1122 |   1100 |     22 |    100 |    788 |   2 |  561.0 |
               +--------+--------+--------+--------+--------+-----+--------+

Top non-repeatable levels by time:
     D:1: 796 daAuts
     D:2: 326 daAuts
